 Dungeon Crawl Stone Soup version 0.21.1-1-g345015fe64 (webtiles) character file.

317 Gargoyl the Skirmisher (level 6, -1/52 HPs)
             Began as a Centaur Abyssal Knight on Apr 11, 2018.
             Was a Priest of Lugonu.
             Slain by an iguana (7 damage)
             ... on level 4 of the Dungeon.
             The game lasted 00:06:51 (3595 turns).

Gargoyl the Skirmisher (Centaur Abyssal Knight)     Turns: 3595, Time: 00:06:52

Health: -1/52      AC: 10    Str: 15    XL:     6   Next: 20%
Magic:  8/8        EV:  4    Int: 11    God:    Lugonu [***...]
Gold:   106        SH:  0    Dex: 10    Spells: 5/5 levels left

rFire    . . .     SeeInvis .   a - +1 hand axe
rCold    . . .     Gourm    .   (no shield)
rNeg     . . .     Faith    .   t - +0 chain mail (curse)
rPois    .         Spirit   .   (no helmet)
rElec    +         Reflect  .   h - +1 cloak
rCorr    +         Harm     .   (no gloves)
MR       .....     Clarity  +   (no barding)
Stlth    ..........             (no amulet)
HPRegen  0.17/turn              l - ring of resist corrosion
MPRegen  0.11/turn              (no ring)

@: lethally poisoned (-1 -> -7), very quick
A: large, fangs 1, hooves 3, clarity, deformed body, speed 2, electricity
resistance, tough skin 3, MP-powered wands
a: Depart the Abyss, Bend Space, Banish, Renounce Religion


You were on level 4 of the Dungeon.
You worshipped Lugonu.
Lugonu was most pleased with you.
You were not hungry.

You visited 1 branch of the dungeon, and saw 4 of its levels.
You visited the Abyss 1 time.

You collected 106 gold pieces.

Inventory:

Hand Weapons
 a - a +1 hand axe (weapon)
Armour
 h - a +1 cloak (worn)
 s - a +0 chain mail
 t - a cursed +0 chain mail (worn)
Jewellery
 l - a ring of resist corrosion (left hand)
Wands
 g - a wand of disintegration (9)
 p - a wand of polymorph (8)
Scrolls
 d - 4 scrolls of teleportation
 f - a scroll of amnesia
 n - a scroll of magic mapping
 q - a scroll of fear
Potions
 b - a potion of flight
 e - 2 potions of resistance
 i - 4 potions of invisibility
 k - a potion of heal wounds {unknown}
 m - a potion of curing
 o - a potion of brilliance {unknown}
 r - a potion of haste {unknown}
Comestibles
 c - 6 rations


   Skills:
 + Level 3.8 Fighting
 + Level 3.3 Axes
 * Level 3.2 Armour
 + Level 1.2 Dodging
 * Level 3.2 Invocations


You had 5 spell levels left.
You didn't know any spells.

Dungeon Overview and Level Annotations

Branches:
Dungeon (4/15)
 Temple: D:4-7

Altars:
Ru
Wu Jian


Innate Abilities, Weirdness & Mutations

You have hooves in place of feet.
Armour fits poorly on your strangely shaped body.
You cover ground very quickly.
You have extremely tough skin. (AC +3)
You have very sharp teeth.
You possess an exceptional clarity of mind.
You are resistant to electric shocks. (rElec)
You expend magic power (3 MP) to strengthen your wands.


Message History

You hit the iguana. Your kick misses the iguana.
The iguana is lightly wounded.
You hit the howler monkey.
You feel sick. The howler monkey hits you.
* * * LOW HITPOINT WARNING * * *
The iguana barely misses you.
Unknown command.
You hit the iguana but do no damage. You kick the iguana.
Your bite misses the iguana.
The iguana is lightly wounded.
Your chain mail prevents you from hitting the howler monkey.
The howler monkey hoots and howls with incredible vigour!
The iguana bites you but does no damage.
The howler monkey hits you but does no damage.
You hear a shout!
You hear an angry hiss.
You closely miss the iguana. You bite the iguana, but do no damage.
The iguana is lightly wounded.
You barely miss the howler monkey.
* * * LOW HITPOINT WARNING * * *
You feel sick. The iguana bites you!
You die...

.......#...#..#.....#
##.......... ....###.#
...........#########.##
..............#.>......
.....#...............
#.#.#....[..........
#...#.##.#.........†
..###...h.##.#..........
.......@l###.#.....[...<
.....##......#..........
.... #.###.##..........
.# ... #..##.##......
.... #. #.#########
...... ##..# ...... #.##
....... ###.### #PP^^P#


You could see a howler monkey and an iguana.

Vanquished Creatures
  An orc priest (D:3)
  An orc wizard (D:3)
  A worker ant (D:4)
  12 adders
  4 gnolls
  2 oozes
  3 dart slugs
  3 leopard geckos
  5 orcs
  A ball python (D:3)
  4 giant cockroaches
  A goblin (D:2)
  11 hobgoblins
  6 jackals (D:1)
  12 bats
  3 frilled lizards
  9 kobolds
  A quokka skeleton (D:4)
  3 rats
83 creatures vanquished.

Notes
Turn   | Place    | Note
-------+----------+-------------------------------------------
     0 | Abyss:1  | Gargoyl the Centaur Abyssal Knight began the quest for the Orb.
     0 | Abyss:1  | Reached XP level 1. HP: 19/19 MP: 2/2
    61 | Abyss:1  | Gained mutation: You are weak. (Str -2) [potion of mutation]
    61 | Abyss:1  | Gained mutation: You are frail. (-10% HP) [potion of mutation]
    61 | Abyss:1  | Gained mutation: You have very sharp teeth. [potion of mutation]
    62 | Abyss:1  | Lost mutation: You are weak. (Str -2) [potion of mutation]
    62 | Abyss:1  | Lost mutation: You are frail. (-10% HP) [potion of mutation]
    62 | Abyss:1  | Gained mutation: You are resistant to electric shocks. (rElec) [potion of mutation]
    62 | Abyss:1  | Gained mutation: You expend magic power (3 MP) to strengthen your wands. [potion of mutation]
    62 | Abyss:1  | Gained mutation: You possess an exceptional clarity of mind. [potion of mutation]
    63 | Abyss:1  | Noticed an efreet
    63 | D:1      | Escaped the Abyss
   273 | D:1      | Reached XP level 2. HP: 23/26 MP: 3/3
   284 | D:1      | Reached * piety under Lugonu
  1041 | D:2      | Found an ornate altar of the Wu Jian Council.
  1059 | D:2      | Reached XP level 3. HP: 16/31 MP: 4/4
  1446 | D:2      | Reached skill level 1 in Dodging
  1935 | D:2      | Reached XP level 4. HP: 39/39 MP: 5/5
  2164 | D:3      | Reached ** piety under Lugonu
  2476 | D:3      | Reached XP level 5. HP: 31/46 MP: 7/7
  3341 | D:3      | Reached XP level 6. HP: 52/52 MP: 8/8
  3524 | D:4      | Reached *** piety under Lugonu
  3555 | D:4      | Found a sacrificial altar of Ru.
  3595 | D:4      | Slain by an iguana

Skill      XL: |  1  2  3  4  5 |
---------------+----------------+-----
Axes           | 2 3 |  3.3
Armour         | 2 3 |  3.2
Dodging        | 1 |  1.2
Invocations    | 3 |  3.2
Fighting       | |  3.8

Action                   |  1- 3 |  4- 6 || total
-------------------------+-------+-------++-------
Melee: Hand axe          |   109 |   146 ||   255
       Bite              |     5 |    13 ||    18
       Kick              |    18 |    26 ||    44
       Unarmed           |       |    13 ||    13
Invok: Depart the Abyss  |     1 |       ||     1
  Use: Potion            |     2 |     1 ||     3
       Scroll            |     7 |     8 ||    15
  Eat: Chunk             |     3 |     4 ||     7
Armor: Leather armour    |    58 |       ||    58
       Scale mail        |    25 |    63 ||    88
       Chain mail        |       |    72 ||    72
       Skin              |       |     2 ||     2
Dodge: Dodged            |    90 |    65 ||   155
